 Dungeon Crawl Stone Soup version 0.22-a0-278-g8f80174 (webtiles) character file.

54 grindst0ne the Conjurer (level 4, -3/24 HPs)
             Began as a Kobold Conjurer on Mar 15, 2018.
             Slain by a centaur (7 damage)
             ... on level 2 of the Dungeon.
             The game lasted 00:05:53 (1351 turns).

grindst0ne the Conjurer (Kobold Conjurer)           Turns: 1351, Time: 00:05:53

Health: -3/24      AC:  4    Str:  5    XL:     4   Next: 12%
Magic:  2/8        EV: 15    Int: 16    God:
Gold:   67         SH:  0    Dex: 16    Spells: 4/8 levels left

rFire    . . .     SeeInvis .   g - -2 dagger (curse)
rCold    . . .     Gourm    .   (shield restricted)
rNeg     . . .     Faith    .   e - +1 leather armour
rPois    .         Spirit   .   (no helmet)
rElec    .         Reflect  .   (no cloak)
rCorr    .         Harm     .   (no gloves)
MR       .....                  (no boots)
Stlth    ++........             (no amulet)
HPRegen  0.08/turn              (no ring)
MPRegen  0.11/turn              (no ring)

@: very slightly contaminated
A: small, carnivore
a: no special abilities


You were on level 2 of the Dungeon.
You were very full.

You visited 1 branch of the dungeon, and saw 2 of its levels.

You collected 67 gold pieces.

Inventory:

Hand Weapons
 d - a cursed +0 hunting sling
 f - a +0 dagger
 g - a cursed -2 dagger (weapon)
Missiles
 i - 37 poisoned needles
Armour
 a - a +0 robe
 e - a +1 leather armour (worn)
Scrolls
 b - a scroll of enchant armour
Comestibles
 c - a ration
 j - a chunk of flesh


   Skills:
 + Level 3.2 Dodging
 + Level 3.7 Stealth
 + Level 2.8 Spellcasting
 + Level 4.3 Conjurations


You had 4 spell levels left.
You knew the following spells:

 Your Spells              Type           Power        Failure   Level  Hunger
a - Magic Dart            Conj           ###.         5%          1    #......
b - Dazzling Spray        Conj/Hex       #.....       36%         3    ###....


Dungeon Overview and Level Annotations

Branches:
Dungeon (2/15)

Altars:
Zin


Innate Abilities, Weirdness & Mutations

You are small and have problems with some larger weapons.
You are carnivorous and can eat meat at any time.


Message History

The centaur closely misses you. The goblin closely misses you.
The centaur hits you.
* * * LOW HITPOINT WARNING * * *
Casting: Magic Dart (safe; 5% risk of failure)
Confirm with . or Enter, or press ? or * to list all spells.
Aiming: Magic Dart (safe; 5% risk of failure)
Press: ? - help, Shift-Dir - straight line, f/p - centaur
Aim: a centaur (heavily wounded)
The magic dart hits the centaur.
The centaur is severely wounded.
The centaur closely misses you. The goblin closely misses you.
Casting: Magic Dart (safe; 5% risk of failure)
Confirm with . or Enter, or press ? or * to list all spells.
Aiming: Magic Dart (safe; 5% risk of failure)
Press: ? - help, Shift-Dir - straight line, f/p - centaur
Aim: a centaur (severely wounded)
You miscast Magic Dart.
You are very lightly contaminated with residual magic.
Nothing appears to happen.
The centaur hits you!
You die...

#.........#
#.........#
#####.........#
.............[..#
.####.####.######
##.....##.#
#......(#(#
#.......#)#
....._..g@.#
.#......c#(#
#.......#.#
##.....##.#
###.## #.. ..)
... ### #..# ...


You could see a centaur and a goblin.

Vanquished Creatures
  An adder (D:2)
  3 dart slugs
  3 giant cockroaches
  9 goblins (D:1)
  5 hobgoblins (D:1)
  6 bats (D:1)
  4 frilled lizards (D:1)
  2 kobolds
  6 rats (D:1)
39 creatures vanquished.

Vanquished Creatures (others)
  A hobgoblin (D:2)
1 creature vanquished.

Grand Total: 40 creatures vanquished

Notes
Turn   | Place    | Note
-------+----------+-------------------------------------------
     0 | D:1      | grindst0ne the Kobold Conjurer began the quest for the Orb.
     0 | D:1      | Reached XP level 1. HP: 10/10 MP: 3/3
   110 | D:1      | Reached XP level 2. HP: 15/15 MP: 3/5
   309 | D:1      | Reached XP level 3. HP: 17/19 MP: 2/6
  1249 | D:2      | Reached XP level 4. HP: 24/24 MP: 5/8
  1255 | D:2      | Learned a level 3 spell: Dazzling Spray
  1326 | D:2      | Found a glowing silver altar of Zin.
  1338 | D:2      | Noticed a centaur
  1351 | D:2      | Slain by a centaur

Vault maps used:
D:1:      dpeg_arrival_subterranean_lakeside_camping
D:2:      old_standard_altar, first_ration, chequers_ecumenical_altar_simple,
          minmay_rat_gold_closets

Skill      XL: |  1  2  3 |
---------------+----------+-----
Stealth        | 3 |  3.7
Dodging        | 3 |  3.2
Spellcasting   | |  2.8
Conjurations   | |  4.3

Action                   |  1- 3 |  4- 6 || total
-------------------------+-------+-------++-------
Melee: Unarmed           |     4 |       ||     4
       Dagger            |    88 |    12 ||   100
 Cast: Magic Dart        |    52 |     9 ||    61
       Dazzling Spray    |       |     1 ||     1
  Use: Scroll            |     1 |     1 ||     2
       Potion            |       |     1 ||     1
 Stab: Sleeping          |     5 |       ||     5
       Invisible         |       |     1 ||     1
  Eat: Chunk             |     9 |     1 ||    10
Armor: Robe              |    20 |       ||    20
       Leather armour    |       |     6 ||     6
Dodge: Dodged            |    91 |    26 ||   117

Table legend:
 A = Spawn XP
 B = Non-spawn XP
 C = Spawn XP percentage of total XP
 D = Spawn monster count
 E = Non-spawn monster count
 F = Spawn count percentage of total count
 G = Total turns spent on level
                    A         B        C        D         E        F      G
               +---------+---------+-------+---------+---------+-------+---------
         Total |       0 |      78 |   0.0 |       0 |      39 |   0.0 |  1351
               +---------+---------+-------+---------+---------+-------+---------
           D:1 |       0 |      58 |   0.0 |       0 |      35 |   0.0 |  1220
           D:2 |       0 |      20 |   0.0 |       0 |       4 |   0.0 |   131
               +---------+---------+-------+---------+---------+-------+---------
